 Dungeon Crawl Stone Soup version 0.16.2-3-ga078185 (webtiles) character file.

149 gorblad the Skirmisher (level 5, -2/42 HPs)
             Began as a Mummy Chaos Knight on Sept 8, 2015.
             Slain by an orc priest
             ... wielding a +0 war axe
              (4 damage)
             ... on level 3 of the Dungeon.
             The game lasted 00:09:53 (2208 turns).

gorblad the Skirmisher (Mummy Chaos Knight)         Turns: 2208, Time: 00:09:53

Health: -2/42      AC: 11    Str: 16    XL:     5   Next: 9%
Magic:  5/5        EV:  5    Int: 11    God:    Xom [.....*]
Gold:   221        SH:  0    Dex: 11    Spells: 0 memorised, 4 levels left

rFire  x . .     SeeInvis .     a - +0 spear (chaos)
rCold  + . .     Clarity  .     g - +0 plate armour
rNeg   + + +     SustAb   .     (no shield)
rPois  ∞         Gourm    .     (no helmet)
rElec  .         Spirit   .     (no cloak)
rCorr  .         Warding  .     (no gloves)
rMut   .         Stasis   .     (no boots)
MR     .....                    (no amulet)
Stlth  ..........               (no ring)
                                (no ring)

@: not resistant to hostile enchantments, extremely unstealthy
A: no food or potions, fire vulnerability, restore body, cold resistance 1,
negative energy resistance 3, poison resistance, torment resistance, unbreathing
a: Renounce Religion


You were on level 3 of the Dungeon.
You worshipped Xom.
You were Xom's teddy bear.
You were not hungry.

You visited 1 branch of the dungeon, and saw 3 of its levels.

You collected 221 gold pieces.

Inventory:

Hand weapons
 a - a +0 spear of chaos (weapon)
Armour
 b - a +2 leather armour
 d - a cursed +0 leather armour
 f - a +0 scale mail
 g - a +0 plate armour (worn)
Scrolls
 c - 4 scrolls of identify
 e - 2 scrolls of magic mapping {unknown}
 h - a scroll of teleportation
 i - a scroll of recharging {unknown}


   Skills:
 + Level 3.7 Fighting
 + Level 3.3 Polearms
 + Level 2.6 Armour
 + Level 1.9 Dodging
 + Level 0.3 Stealth


You had 4 spell levels left.
You didn't know any spells.

Dungeon Overview and Level Annotations

Branches:
Dungeon (3/15)

Altars:
Yredelemnul


Innate Abilities, Weirdness & Mutations

You do not eat or drink.
Your flesh is vulnerable to fire.
Your flesh is cold resistant.
You are immune to negative energy.
Your system is resistant to poisons.
You are immune to unholy pain and torment.
You can survive without breathing.


Message History

* * * LOW HITPOINT WARNING * * *
The orc hits you but does no damage.
The jackal bites you but does no damage.
You are too injured to fight recklessly!
You are too injured to fight recklessly!
You are too injured to fight recklessly!
You are too injured to fight recklessly!
You closely miss the orc priest.
The orc priest is lightly wounded.
The orc priest hits you with a war axe.
* * * LOW HITPOINT WARNING * * *
The jackal bites you.
* * * LOW HITPOINT WARNING * * *
Xom is interested.
The jackal barely misses you.
You hit the orc priest.
The orc priest is poisoned.
The orc priest is lightly wounded.
The orc priest hits you with a war axe.
You die...
Xom howls with laughter!

!.!...##### ########.
.......################.
........>##......#######.
.........##......#######.
.........##......#######.
........†o##....).#######.
......o†.h##......#######.
#####.###o##......#######.
#@##......#######.
#.###.##......#######. ##########
#.............#######.
.........#######.##......#######.
.........+.......##......########
.........#...)##.##....!.########
..................#......########
.........#........##.############
.........#.........#........(....


You could see an orc priest, an orc and a jackal.

Vanquished Creatures
  An orc wizard (D:3)
  5 adders
  A giant mite (D:1)
  A worm (D:3)
  2 giant geckos (D:2)
  An ooze (D:3)
  4 orcs (D:3)
  5 bats
  4 hobgoblins
  9 jackals
  5 kobolds
  A giant cockroach (D:2)
  2 giant newts (D:1)
  A giant newt (shapeshifter) (D:2)
  6 goblins
  8 rats
  A spectral orc (D:3)
57 creatures vanquished.

Vanquished Creatures (others)
  A worm (D:2)
1 creature vanquished.

Grand Total: 58 creatures vanquished

Notes
Turn   | Place    | Note
--------------------------------------------------------------
     0 | D:1      | gorblad, the Mummy Chaos Knight, began the quest for the Orb.
     0 | D:1      | Reached XP level 1. HP: 18/18 MP: 1/1
   336 | D:1      | XOM: potion effect (curing)
   338 | D:1      | Reached XP level 2. HP: 24/24 MP: 2/2
   502 | D:1      | Reached skill level 1 in Dodging
   552 | D:1      | XOM: silly message
   764 | D:1      | XOM: silly message
   973 | D:2      | XOM: polymorph kobold -> giant newt
   993 | D:2      | Reached XP level 3. HP: 27/29 MP: 3/3
  1300 | D:2      | XOM: god gift: 42 gold pieces
  1319 | D:2      | Reached XP level 4. HP: 21/35 MP: 4/4
  1333 | D:2      | XOM: 4-stop teleportation journey
  1781 | D:3      | XOM: 1-stop teleportation journey
  1976 | D:3      | Found a basalt altar of Yredelemnul.
  2056 | D:3      | XOM: god gift: 4 meat rations
  2110 | D:3      | Reached XP level 5. HP: 34/41 MP: 5/5
  2152 | D:3      | XOM: vitrification
  2205 | D:3      | HP: 1/42 [jackal (2)]
  2208 | D:3      | Slain by an orc priest

Action                   |  1- 3 |  4- 6 || total
-------------------------+-------+-------++-------
Melee: Spear             |   110 |   136 ||   246
  Use: Scroll            |     3 |       ||     3
 Stab: Sleeping          |       |     1 ||     1
